 Dungeon Crawl Stone Soup version 0.23-a0-484-g29ba69c (webtiles) character file.

2952 MisterFreud the Basher (level 9, -4/57 HPs)
             Began as a Gargoyle Monk on Nov 29, 2018.
             Was an Elder of Qazlal.
             Slain by a two-headed ogre
             ... wielding a +0 giant club
              (6 damage)
             ... on level 7 of the Dungeon on Nov 30, 2018.
             The game lasted 00:37:29 (7102 turns).

MisterFreud the Basher (Gargoyle Monk)              Turns: 7102, Time: 00:37:30

Health: -4/57      AC: 15    Str: 17    XL:     9   Next: 81%
Magic:  12/12      EV: 10    Int: 12    God:    Qazlal [****..]
Gold:   386        SH: 15    Dex: 12    Spells: 8/8 levels left

rFire    . . .     SeeInvis +   f - +1 morningstar
rCold    . . .     Gourm    .   s - +0 shield
rNeg     + . .     Faith    .   x - +1 ring mail
rPois    ∞         Spirit   .   (no helmet)
rElec    +         Reflect  .   (no cloak)
rCorr    .         Harm     .   z - +0 pair of gloves
MR       +....                  (no boots)
Stlth    +.........             (no amulet)
HPRegen  0.19/turn              m - ring of see invisible
MPRegen  0.13/turn              A - ring of protection from magic

@: hasted, repel missiles, very quick
A: negative energy resistance 1, electricity resistance, unbreathing,
petrification resistance, rot immunity, AC +6
a: Upheaval, Elemental Force, Renounce Religion


You were on level 7 of the Dungeon.
You worshipped Qazlal.
Qazlal was greatly pleased with you.
You were hungry.

You visited 1 branch of the dungeon, and saw 7 of its levels.

You collected 386 gold pieces.

Inventory:

Hand Weapons
 a - a +0 mace
 f - a +1 morningstar (weapon)
Missiles
 g - 185 stones
 h - 62 sling bullets
 q - 109 arrows
 y - a tomahawk of returning (quivered)
Armour
 b - a +0 robe
 s - a +0 shield (worn)
 x - a +1 ring mail (worn)
 z - a +0 pair of gloves (worn)
Jewellery
 j - a +5 ring of strength
 m - a ring of see invisible (left hand)
 A - a ring of protection from magic (right hand)
Wands
 n - a wand of random effects (23)
Scrolls
 d - 2 scrolls of identify
 k - 2 scrolls of enchant weapon
 l - 2 scrolls of enchant armour
 o - a scroll of magic mapping
 p - 2 scrolls of remove curse
 u - a scroll of fog
 v - a scroll of immolation
Potions
 e - a potion of brilliance
 E - a potion of ambrosia
Comestibles
 c - 6 rations


   Skills:
 + Level 7.0 Fighting
 + Level 8.5 Maces & Flails
 + Level 6.1 Armour
 - Level 2.4 Dodging
 - Level 2.1 Stealth
 + Level 6.1 Shields
 - Level 4.1 Invocations


You had 8 spell levels left.
You didn't know any spells.
Your spell library was empty.

Dungeon Overview and Level Annotations

Branches:
Dungeon (7/15)             Temple (0/1) D:4

Altars:
Dithmenos
Kikubaaqudgha
Makhleb
Qazlal
Uskayaw
Zin

Annotations:
D:2 1 runed door
D:7 Dowan, Duvessa, Menkaure


Innate Abilities, Weirdness & Mutations

You are resistant to torment.
Your stone body is resilient. (AC +6)
You are immune to poison.
You resist negative energy. (rN+)
You are resistant to electric shocks. (rElec)
You can survive without breathing.
You are immune to petrification.
You are immune to rotting.


Message History

Unknown command.
Okay, then.
Unknown command.
Unknown command.
Unknown command.
Unknown command.
It was a potion of curing.
You feel better.
Evoke which item? (* to show all) (? for menu, Esc to quit)
Okay, then.
You barely miss the two-headed ogre.
The two-headed ogre is moderately wounded.
Menkaure is engulfed in blazing flames.
Menkaure calls on the powers of darkness!
Duvessa convulses!
The two-headed ogre convulses!
Your body is wracked with pain!
* * * LOW HITPOINT WARNING * * *
The two-headed ogre hits you with a +0 giant club!
* * * LOW HITPOINT WARNING * * *
The two-headed ogre hits you with a +0 giant club.
You die...

....#.((#.##.
....#####.#.###
.........(.....
#..._...(....
###(.(...(.....
..'...'<†......
#...eM#...:..
#O# .(... #@#
.... ### ... ..
.


You could see a two-headed ogre, Menkaure and Dowan.

Vanquished Creatures
  Grinder (D:5)
  5 yaks (D:7)
  A water moccasin (D:6)
  2 sky beasts (D:5)
  An ice beast (D:5)
  A centaur (D:6)
  2 ogres
  4 bullfrogs
  Blork the orc (D:6)
  2 scorpions
  4 howler monkeys
  2 crimson imps
  3 hounds
  A bullfrog skeleton (D:7)
  A centaur skeleton (D:4)
  A jelly (D:7)
  4 orc priests
  6 orc wizards
  2 worker ants
  A hound skeleton (D:4)
  9 adders
  2 gnolls (D:1)
  A shadow imp (D:7)
  2 oozes
  An adder skeleton (D:4)
  5 worms
  2 dart slugs (D:1)
  2 leopard geckos
  22 orcs
  2 ball pythons
  8 bats
  9 giant cockroaches
  5 goblins
  2 hobgoblins (D:3)
  18 jackals
  2 quokkas
  5 frilled lizards
  A jackal skeleton (D:6)
  A jackal zombie (D:6)
  6 kobolds
  A quokka skeleton (D:6)
  9 rats
160 creatures vanquished.

Notes
Turn   | Place    | Note
-------+----------+-------------------------------------------
     0 | D:1      | MisterFreud the Gargoyle Monk began the quest for the Orb.
     0 | D:1      | Reached XP level 1. HP: 14/14 MP: 1/1
   216 | D:1      | Reached XP level 2. HP: 16/19 MP: 2/2
   507 | D:1      | Reached skill level 4 in Maces & Flails
   695 | D:1      | Reached XP level 3. HP: 23/23 MP: 3/3
   844 | D:1      | You fall through a shaft!
  1328 | D:2      | Reached XP level 4. HP: 28/28 MP: 4/4
  1561 | D:1      | Reached skill level 5 in Maces & Flails
  2341 | D:2      | Found a runed door.
  3135 | D:2      | Reached XP level 5. HP: 32/32 MP: 5/5
  3286 | D:3      | Noticed a fire elemental
  3290 | D:3      | Found a stormy altar of Qazlal.
  3294 | D:3      | Noticed a water elemental
  3294 | D:3      | Noticed an air elemental
  3302 | D:3      | Became a worshipper of Qazlal Stormbringer
  3302 | D:3      | Reached * piety under Qazlal
  3302 | D:3      | Reached ** piety under Qazlal
  3396 | D:3      | Reached skill level 6 in Maces & Flails
  3575 | D:3      | Reached XP level 6. HP: 35/37 MP: 6/6
  3695 | D:3      | Found an ancient bone altar of Kikubaaqudgha.
  3905 | D:4      | Found a glowing silver altar of Zin.
  3905 | D:4      | Found a burning altar of Makhleb.
  3906 | D:4      | Noticed a balrug
  3906 | D:4      | Noticed an angel
  4028 | D:4      | Reached skill level 7 in Maces & Flails
  4375 | D:4      | Found a staircase to the Ecumenical Temple.
  4474 | D:4      | Reached XP level 7. HP: 41/41 MP: 7/7
  4741 | D:4      | Reached *** piety under Qazlal
  4835 | D:4      | Reached skill level 8 in Maces & Flails
  4898 | D:4      | Reached skill level 1 in Armour
  4898 | D:4      | Reached skill level 1 in Shields
  4996 | D:5      | Entered Level 5 of the Dungeon
  5027 | D:5      | Noticed Grinder
  5036 | D:5      | Killed Grinder
  5036 | D:5      | Reached XP level 8. HP: 35/46 MP: 8/8
  5331 | D:5      | Found a shadowy altar of Dithmenos.
  5984 | D:5      | Reached skill level 5 in Armour
  5984 | D:5      | Reached skill level 5 in Shields
  6213 | D:6      | Reached skill level 5 in Fighting
  6261 | D:6      | Noticed Blork the orc
  6269 | D:6      | Killed Blork the orc
  6642 | D:5      | Upgraded the game from 0.23-a0-481-g60b89c1 to
                  | 0.23-a0-484-g29ba69c
  6678 | D:6      | Reached XP level 9. HP: 53/55 MP: 9/9
  7042 | D:7      | Found a hide-covered altar of Uskayaw.
  7042 | D:7      | Noticed a +0 hand axe
  7042 | D:7      | Noticed a +0 hand axe
  7060 | D:7      | Reached **** piety under Qazlal
  7081 | D:7      | Noticed Menkaure
  7092 | D:7      | Noticed a two-headed ogre
  7093 | D:7      | Noticed Duvessa
  7098 | D:7      | Noticed Dowan
  7102 | D:7      | HP: 2/57 [two-headed ogre/+0 giant club (12)]
  7102 | D:7      | Slain by a two-headed ogre

Vault maps used:
D:1:      kilobyte_arrival_exit_the_forest
D:2:      uniq_crazy_yiuf_cottage
D:3:      nicolae_qazlal_style_of_elements, kiku_gazebo_pond_becter
D:4:      grunt_temple_overflow_order_and_chaos_2, minmay_temple_entry_trees,
          first_ration
D:5:      overflow_temple_1_default, kennysheep_boxes, uniq_grinder
D:6:      uniq_blork_the_orc
D:7:      dancing_weapons_uskayaw, uniq_duvessa, uniq_menkaure

Skill      XL: |  1  2  3  4  5  6  7  8  9 |
---------------+----------------------------+-----
Maces & Flails | 4 5 6 7 8 |  8.5
Armour         | 3 5 6 |  6.1
Shields        | 3 5 6 |  6.1
Fighting       | 5 7 |  7.0
Invocations    | 4 |  4.1
Dodging        | |  2.4
Stealth        | |  2.1

Action                   |  1- 3 |  4- 6 |  7- 9 || total
-------------------------+-------+-------+-------++-------
Melee: Mace              |   102 |   227 |       ||   329
       Morningstar       |       |    14 |   216 ||   230
Throw: Tomahawk          |    10 |    33 |     7 ||    50
       Stone             |       |    13 |    17 ||    30
Evoke: Wand              |       |     1 |     1 ||     2
  Use: Scroll            |       |     5 |    10 ||    15
       Potion            |       |     2 |     4 ||     6
 Stab: Sleeping          |     5 |     1 |       ||     6
  Eat: Chunk             |     1 |     4 |     8 ||    13
       Ration            |       |     2 |       ||     2
Armor: Robe              |    27 |    37 |       ||    64
       Ring mail         |       |    54 |    80 ||   134
Dodge: Dodged            |    77 |   129 |    57 ||   263
Block: Other             |       |    19 |       ||    19
       Shield            |       |     8 |   156 ||   164

Table legend:
 A = Non-vault XP
 B = Vault XP
 C = Vault XP percentage of total XP
 D = Non-vault monster count
 E = Vault monster count
 F = Vault count percentage of total count
                 A         B        C        D         E       F
            +---------+---------+-------+---------+---------+-------
      Total |    3836 |     382 |   9.1 |     158 |       2 |   1.2
            +---------+---------+-------+---------+---------+-------
        D:1 |      70 |       0 |   0.0 |      25 |       0 |   0.0
        D:2 |     108 |       0 |   0.0 |      25 |       0 |   0.0
        D:3 |     155 |       0 |   0.0 |      26 |       0 |   0.0
        D:4 |     541 |       0 |   0.0 |      33 |       0 |   0.0
        D:5 |     717 |     286 |  28.5 |      18 |       1 |   5.3
        D:6 |     721 |      96 |  11.8 |      16 |       1 |   5.9
        D:7 |    1524 |       0 |   0.0 |      15 |       0 |   0.0
            +---------+---------+-------+---------+---------+-------
